 Dungeon Crawl Stone Soup version 0.30.1 (webtiles) character file.

Game seed: 8398226141203043967

53 Descartes the Scratcher (level 3, -13/16 HPs)
             Began as a Felid Transmuter on July 12, 2023.
             Killed from afar by Sigmund (16 damage)
             ... with a bolt of dispelling energy
             ... on level 2 of the Dungeon.
             The game lasted 00:02:20 (1430 turns).

Descartes the Scratcher (Felid Transmuter)          Turns: 1430, Time: 00:02:21

Health: -13/16     AC:  1    Str:  8    XL:     3   Next: 62%
Magic:  7/7        EV: 18    Int: 14    God:
Gold:   91         SH:  0    Dex: 16    Spells: 5/6 levels left
                                        Lives:  0   Deaths: 0

rFire   . .          .
                       - Unarmed
rCold   . . .        (shield unavailable)
rNeg    . . .        (body armour unavailable)
rPois   .            (helmet unavailable)
rElec   .            (cloak unavailable)
rCorr   .            (gloves unavailable)
SInv    +            (boots unavailable)
Will    .....        (no amulet)
Stlth   +            (no ring)
HPRegen 0.22/turn    (no ring)
MPRegen 0.10/turn

%: no passive effects
@: quick
A: very small, claws 1, fangs 3, see invisible, speed 1, shaggy fur 1, stealthy
paws, no weapons or thrown items, no armour, multi-lived
a: no special abilities


You were on level 2 of the Dungeon.
You visited 1 branch of the dungeon, and saw 2 of its levels.

You collected 91 gold pieces.

Inventory:

Jewellery
 f - a ring of protection from fire
Scrolls
 b - a scroll of torment {unknown}
 c - a scroll of blinking {unknown}
 g - 3 scrolls of identify {unknown}
 h - a scroll of poison {unknown}
 i - a scroll of fog {unknown}
 j - a scroll of immolation {unknown}
Potions
 a - a potion of lignification
 d - a potion of might {unknown}
 e - a potion of heal wounds {unknown}
 k - a potion of attraction {unknown}


   Skills:
 + Level 1.8 Fighting
 + Level 3.3 Dodging
 + Level 3.3 Unarmed Combat
 + Level 2.4 Spellcasting
 + Level 2.8 Transmutations


You had 5 spell levels left.
You knew the following spells:

 Your Spells              Type           Power      Damage    Failure   Level
a - Beastly Appendage     Tmut           18%        N/A       8%          1

Your spell library contained the following spells:

 Spells                   Type           Power      Damage    Failure   Level
 Wereblood                Tmut           9%         N/A       11%         2
 Spider Form              Tmut/Pois      5%         N/A       36%         3
 Ice Form                 Ice/Tmut       5%         N/A       77%         4


Dungeon Overview and Level Annotations

Branches:
Dungeon (2/15)

Altars:

Shops:
D:2 *

Annotations:
D:2 Sigmund


Innate Abilities, Weirdness & Mutations

You have sharp claws.
You have razor-sharp teeth.
You have supernaturally acute eyesight. (SInv)
You cover ground quickly. (Speed+)
You are covered in fur. (AC +1)
Your paws help you pounce on unaware monsters.
You are incapable of wielding weapons or throwing items.
You cannot wear armour.
You gain extra lives every three experience levels.


Message History

Your transformation is almost over.
Sigmund shouts!
Sigmund gestures at you while chanting. You resist with some effort.
Found Vuthuma's Assorted Antiques.
Sigmund misses you.
You closely miss Sigmund. Your headbutt misses Sigmund. Sigmund misses you.
You barely miss Sigmund.
Sigmund gestures wildly while chanting.
Sigmund flickers and vanishes for a moment.
You scratch Sigmund. You bite Sigmund.
Sigmund is moderately wounded.
Sigmund hits you with a +0 scythe.
You scratch Sigmund. You claw Sigmund.
Sigmund is heavily wounded.
You closely miss Sigmund. Your headbutt misses Sigmund.
Sigmund is heavily wounded.
Sigmund hits you with a +0 scythe.
You scratch Sigmund but do no damage. Your headbutt misses Sigmund.
You claw Sigmund, but do no damage. You bite Sigmund.
Sigmund is severely wounded.
You barely miss Sigmund. Your bite misses Sigmund.
Sigmund is severely wounded.
Sigmund closely misses you.
You scratch Sigmund.
Sigmund is severely wounded.
Your horns disappear.
Sigmund casts a spell at you. The magic dart hits you!
* * * LOW HITPOINT WARNING * * *
You are too injured to fight recklessly!
You are too injured to fight recklessly!
You are too injured to fight recklessly!
You are too injured to fight recklessly!
You are too injured to fight recklessly!
You are too injured to fight recklessly!
You are too injured to fight recklessly!
You are too injured to fight recklessly!
Sigmund zaps a wand.
The bolt of dispelling energy hits you!
Ouch! That really hurt!
You die...

.............#.....#
.........)..##.....#
............#......##+###
.#####......#...........#
.........####..)........#
..............##........#
..............##....!...#
..............##[.......#
......#####...##@.......#
......# #####^....#+###
......#########..)..#
......#.......@.....#
..........∩.........#
#######.............#
.....###....... ....
#.....# ###.....#
....##.....# .......#


You could see Sigmund (invisible).

Vanquished Creatures
  An adder (D:2)
  6 endoplasms
  A giant cockroach (D:2)
  5 goblins
  5 hobgoblins (D:1)
  4 jackals (D:1)
  6 kobolds
  A quokka (D:1)
  3 ball pythons
  2 bats (D:1)
  2 frilled lizards (D:1)
  4 rats
40 creatures vanquished.

Notes
Turn   | Place    | Note
-------+----------+-------------------------------------------
     0 | D:1      | Descartes the Felid Transmuter began the quest for the Orb.
     0 | D:1      | Reached XP level 1. HP: 9/9 MP: 4/4
   239 | D:1      | Reached XP level 2. HP: 8/12 MP: 4/6
   734 | D:1      | Reached XP level 3. HP: 8/15 MP: 7/7
  1412 | D:2      | Noticed Sigmund
  1418 | D:2      | Found Vuthuma's Assorted Antiques.
  1430 | D:2      | Killed from afar by Sigmund

Illustrated notes

Levels and vault maps discovered:
D:1:      zelgadis_glass_arrival_small, layout_loops_corners
D:2:      layout_basic, serial_shops, shop, uniq_sigmund

Skill      XL: |  1  2 |
---------------+-------+-----
Dodging        | 3 |  3.3
Fighting       | |  1.8
Unarmed Combat | |  3.3
Spellcasting   | |  2.4
Transmutations | |  2.8

Action                     || total
---------------------------++-------
  Melee: Unarmed           ||   108
         Bite              ||     7
         Punch             ||     4
         Headbutt          ||    12
   Cast: Beastly Appendage ||    30
 Armour: Skin              ||     6
  Dodge: Dodged            ||    74
